 Dungeon Crawl Stone Soup version 0.20-a0-1074-g6a0a8e1 (webtiles) character file.

894 s1b0rg2 the Ruffian (level 7, -3/68 HPs)
             Began as a Troll Berserker on Apr 29, 2017.
             Was a Priest of Trog.
             Killed by nerve-wracking pain
             ... invoked by an orc priest
              (8 damage)
             ... on level 5 of the Dungeon on Apr 30, 2017.
             The game lasted 00:18:45 (3161 turns).

s1b0rg2 the Ruffian (Troll Berserker)               Turns: 3161, Time: 00:18:46

Health: -3/68      AC:  1    Str: 28    XL:     7   Next: 78%
Magic:  6/6        EV: 11    Int:  3    God:    Trog [***...]
Gold:   183        SH:  0    Dex:  9    Spells: 6/6 levels left

rFire    . . .     SeeInvis .     - Unarmed
rCold    . . .     Gourm    +   (no shield)
rNeg     . . .     Faith    .   a - +0 animal skin
rPois    .         Spirit   .   (helmet restricted)
rElec    .         Reflect  .   (no cloak)
rCorr    .         Harm     .   (gloves unavailable)
MR       .....                  (boots unavailable)
Stlth    +.........             (no amulet)
Regen    0.7/turn               (no ring)
MPRegen  0.1/turn               (no ring)

@: corroded
A: unfitting armour, claws 3, fast metabolism 3, gourmand, regeneration 1,
shaggy fur 1, tough skin 2
a: Berserk, Trog's Hand, Burn Spellbooks, Renounce Religion


You were on level 5 of the Dungeon.
You worshipped Trog.
Trog was most pleased with you.
You were not hungry.

You visited 1 branch of the dungeon, and saw 5 of its levels.

You collected 183 gold pieces.

Inventory:

Armour
 a - a +0 animal skin (worn)
Jewellery
 c - an uncursed ring of wizardry {unknown}
Scrolls
 e - a scroll of enchant weapon
 h - 3 scrolls of identify
 j - a scroll of recharging
 n - a scroll of noise {unknown}
 o - a scroll of immolation {unknown}
 p - a scroll of remove curse {unknown}
 q - a scroll of teleportation {unknown}
 r - 2 scrolls of fear
 v - a scroll of enchant armour {unknown}
Potions
 d - 2 potions of resistance {unknown}
 f - 3 potions of flight {unknown}
 g - 3 potions of heal wounds {unknown}
 i - 2 potions of magic {unknown}
 k - a potion of agility {unknown}
 l - 3 potions of brilliance {unknown}
 m - a potion of might {unknown}
 t - a potion of haste {unknown}
Comestibles
 b - a bread ration
 s - 2 meat rations
 u - a royal jelly


   Skills:
 + Level 3.8 Fighting
 + Level 4.4 Dodging
 + Level 0.8 Stealth
 + Level 7.2 Unarmed Combat


You had 6 spell levels left.
You didn't know any spells.

Dungeon Overview and Level Annotations

Branches:
Dungeon (5/15)
 Temple: D:4-7

Altars:
Gozag
Kikubaaqudgha
Ru
Uskayaw
Wu Jian


Innate Abilities, Weirdness & Mutations

You are too large for most types of armour.
You have claws for hands.
Your metabolism is lightning-fast.
You like to eat raw meat.
Your natural rate of healing is unusually fast.
You are covered in fur. (AC +1)
You have very tough skin. (AC +2)


Message History

Trog accepts your kill.
You claw the orc!
You kill the orc!
Trog accepts your kill.
Items here: )) [[ a hand axe; a leather armour; a whip; a chain mail An orc priest comes into view.
The orc priest shouts!
You scratch the orc priest.
The orc priest is lightly wounded.
The orc priest zaps a wand.
The bolt of acid hits you!
* * * LOW HITPOINT WARNING * * *
The acid corrodes you!
You are splashed with acid!
The acid burns!
* * * LOW HITPOINT WARNING * * *
It is a wand of acid (?/15).
You scratch the orc priest but do no damage.
The orc priest is lightly wounded.
The orc priest mumbles some strange prayers to Beogh against you.
Pain shoots through your body!
You die...

##..^.#.# #.###.#>.##
##.####.## ##.# #.#.##
##...#...# ... .. #
##.##..#. .#.
##.###...# .
...).##.## .##
.......##.# #.#
##.######.# #o# #.#
#.# ##@###..#
#.######.# #.........
##........#
###.####..##
..........###.....# #
##..........#.#)#.##..
#..#####.#..).)......#
#..# #.###.#.#.##..#
##..#####.###.....# .#
...†................ #


You could see an orc priest.

Vanquished Creatures
  Sigmund (D:2)
  An ogre (D:4)
  2 scorpions (D:4)
  A vampire bat (D:2)
  2 jellies (D:5)
  An orc priest (D:5)
  A hound (D:5)
  A bullfrog skeleton (D:5)
  Terence (D:2)
  6 worker ants
  A hound skeleton (D:4)
  Robin (D:2)
  3 gnolls (D:4)
  4 adders
  2 oozes
  4 worms
  3 dart slugs
  3 leopard geckos
  4 orcs (D:5)
  3 bats
  2 bat skeletons (D:2)
  3 bat zombies (D:2)
  5 giant cockroaches
  16 goblins
  9 hobgoblins
  12 jackals
  2 quokkas
  6 frilled lizards
  6 kobolds
  6 rats
112 creatures vanquished.

Notes
Turn   | Place    | Note
-------+----------+-------------------------------------------
     0 | D:1      | s1b0rg2 the Troll Berserker began the quest for the Orb.
     0 | D:1      | Reached XP level 1. HP: 22/22 MP: 0/0
   146 | D:1      | Reached XP level 2. HP: 26/29 MP: 1/1
   603 | D:1      | Reached XP level 3. HP: 33/36 MP: 2/2
   773 | D:2      | Noticed Robin
   775 | D:2      | Reached ** piety under Trog
   779 | D:2      | Killed Robin
   908 | D:2      | Reached XP level 4. HP: 45/45 MP: 3/3
   919 | D:2      | Found a hide-covered altar of Uskayaw.
   978 | D:2      | Noticed Terence
   990 | D:2      | Killed Terence
   990 | D:2      | Reached skill level 4 in Unarmed Combat
  1147 | D:2      | Noticed Sigmund
  1351 | D:2      | Killed Sigmund
  1351 | D:2      | Reached skill level 5 in Unarmed Combat
  1351 | D:2      | Reached XP level 5. HP: 20/53 MP: 4/4
  1380 | D:2      | Reached XP level 6. HP: 39/61 MP: 5/5
  2253 | D:3      | Found a sacrificial altar of Ru.
  2333 | D:2      | Found an ancient bone altar of Kikubaaqudgha.
  2354 | D:2      | Reached *** piety under Trog
  2537 | D:4      | Reached skill level 6 in Unarmed Combat
  2612 | D:4      | Reached XP level 7. HP: 63/67 MP: 6/6
  2772 | D:5      | Entered Level 5 of the Dungeon
  2781 | D:5      | Found an opulent altar of Gozag.
  2951 | D:5      | Reached skill level 7 in Unarmed Combat
  3104 | D:5      | Found an ornate altar of the Wu Jian Council.
  3161 | D:5      | Killed from afar by an orc priest

Vault maps used:
D:1:      nicolae_arrival_memento_mori
D:2:      minmay_wonky_spiral, lemuel_crystal_altar, kennysheep_vampire_church,
          uniq_terence, uniq_sigmund, uniq_robin
D:3:      nicolae_ru_path_of_blood, first_bread, kennysheep_generic_room_4
D:4:      kennysheep_nondescript, nicolae_tso_swordbearing_angel
D:5:      nicolae_gozag_seed_capital, kennysheep_little_box,
          minmay_misc_feat_tower, kennysheep_generic_room_8

Skill      XL: |  1  2  3  4  5  6  7 |
---------------+----------------------+-----
Fighting       | 3 |  3.8
Unarmed Combat | 5 6 7 |  7.2
Dodging        | 3 4 |  4.4
Stealth        | |  0.8

Action                   |  1- 3 |  4- 6 |  7- 9 || total
-------------------------+-------+-------+-------++-------
Melee: Unarmed           |    73 |   158 |    77 ||   308
       Punch             |       |     4 |     1 ||     5
Invok: Berserk           |     1 |       |       ||     1
  Use: Scroll            |       |     5 |       ||     5
 Stab: Sleeping          |       |     1 |       ||     1
  Eat: Chunk             |     4 |       |       ||     4
       Meat ration       |     1 |     1 |       ||     2
       Bread ration      |       |     2 |     1 ||     3
Armor: Animal skin       |    22 |    82 |    23 ||   127
Dodge: Dodged            |    30 |   109 |    53 ||   192
